 Dungeon Crawl Stone Soup version 0.13-a0-2557-g7ea0453 (console) character file.

136 Kellhus the Cudgeler (level 3, -1/28 HPs)
             Began as a Mummy Chaos Knight on July 29, 2013.
             Was a Plaything of Xom.
             Slain by an adder (4 damage)
             ... on Level 2 of the Dungeon.
             The game lasted 00:01:31 (1682 turns).

Kellhus the Cudgeler (Mummy Chaos Knight)           Turns: 1682, Time: 00:01:31

HP  -1/28        AC  5     Str 16      XL: 3   Next: 16%
MP   3/3         EV 10     Int 11      God: Xom
Gold 101         SH  0     Dex 11      Spells:  0 memorised,  2 levels left

Res.Fire  : x . .   See Invis. : .   a - +0 mace (chaos)
Res.Cold  : + . .   Warding    : .   b - +2 leather armour
Life Prot.: + + +   Conserve   : .   (no shield)
Res.Poison: +       Res.Corr.  : .   (no helmet)
Res.Elec. : .       Clarity    : .   (no cloak)
Sust.Abil.: . .     Spirit.Shd : .   (no gloves)
Res.Mut.  : .       Stasis     : .   (no boots)
Res.Rott. : +       Flight     : .   (no amulet)
Saprovore : . . .                    (no ring)
                                     (no ring)

@: slightly resistant to hostile enchantments, very unstealthy
A: no food or potions, fire vulnerability, restore body, cold resistance 1, life
protection 3, poison resistance, torment resistance, unbreathing
a: Renounce Religion


You were on level 2 of the Dungeon.
You worshipped Xom.
You were a favourite toy of Xom.
You were not hungry.

You visited 1 branch of the dungeon, and saw 2 of its levels.

You collected 81 gold pieces.

Inventory:

Hand weapons
 a - a +0,+0 mace of chaos (weapon)
Armour
 b - a +2 leather armour (worn)
Scrolls
 c - 2 scrolls of magic mapping {unknown}
 d - 2 scrolls of amnesia {unknown}
 e - a scroll of blinking {unknown}
 f - 2 scrolls of identify {unknown}
 g - 3 scrolls of enchant armour {unknown}
 h - a scroll of curse weapon {unknown}
 i - a scroll of remove curse {unknown}


   Skills:
 - Level 3.0 Fighting
 + Level 3.5 Maces & Flails
 - Level 1.5 Armour
 - Level 0.7 Dodging


You had 2 spell levels left.
You didn't know any spells.

Dungeon Overview and Level Annotations

Branches:
Dungeon (2/27)

Altars:


Innate Abilities, Weirdness & Mutations

You do not eat or drink.
Your flesh is vulnerable to fire.
Your flesh is cold resistant.
You are immune to negative energy.
Your system is resistant to poisons.
You are immune to unholy pain and torment.
You can survive without breathing.


Message History

You barely miss the adder.
The adder is almost dead.
The adder bites you but does no damage. The adder bites you.
You hit the adder.
You kill the adder!
You have reached level 3!
Your experience leads to an increase in your attributes!
Increase (S)trength, (I)ntelligence, or (D)exterity?
You feel stronger. The adder bites you.
* * * LOW HITPOINT WARNING * * *
You barely miss the adder. The adder bites you but does no damage.
The adder bites you but does no damage.
You barely miss the adder. The adder bites you but does no damage.
You barely miss the adder. The adder bites you but does no damage.
The adder bites you.
* * * LOW HITPOINT WARNING * * *
You barely miss the adder. The adder bites you.
You die... "Boring in life, boring in death..."

.............
.........(...
............ ..........#
...S..S....# #. #....# #.
#....+ .###.#####...#.#
.........@S.....# .
.........##.....# #..#
#...##.#..#####..... .#.#
.......#..# ..##. +..
......#..# ...# #.#
#.....#..#####...#
##.#####.....#...........
.#.#...#..#..............
.#.#...#.....#..........#
.


You could see an adder.

Vanquished Creatures
  An adder (D:2)
  6 bats
  3 giant cockroaches (D:1)
  4 hobgoblins
  3 giant newts
  4 goblins (D:1)
  A kobold (D:1)
  4 rats
26 creatures vanquished.

Notes
Turn   | Place    | Note
--------------------------------------------------------------
     0 | D:1      | Kellhus, the Mummy Chaos Knight, began the quest for the Orb.
     0 | D:1      | Reached XP level 1. HP: 16/16 MP: 1/1
    32 | D:1      | XOM: harmless Conj miscast
   129 | D:1      | XOM: god gift: 21 gold pieces
   345 | D:1      | Reached XP level 2. HP: 19/22 MP: 2/2
   662 | D:1      | XOM: vitrification
  1251 | D:1      | XOM: cast spell 'Summon Butterflies'
  1291 | D:2      | XOM: stat loss: -1 Str (14/15)
  1678 | D:2      | Reached XP level 3. HP: 8/28 MP: 3/3
  1682 | D:2      | Slain by an adder

Action                   || total
-------------------------++-------
Melee: Mace              ||   103
